Map: Blueshift LE

Players

Serral - Winner!

  • Race: Zerg Zerg
  • League: Master
  • Spawn Location: 7:00

soul

  • Race: Terran Terran
  • Spawn Location: 1:00

Event: HomeStory Cup XVIII

VOD

Have the link to the VOD?

Description

Time

  • Played on: Nov. 23, 2018, 11:30 a.m.
  • Length: 14:59

All games in this series

Show
View Real Time Build Order
Export as new Build Order

Serral Zerg - Winner!

Build Orders: Pool First 

Get SALT Encoding   

  12  0:00  Drone  
  13  0:12  Overlord  
  13  0:17  Drone  
  14  0:30  Drone x2  
  16  0:39  Spawning Pool  
  15  0:43  Drone  
  15  0:47  Drone  
  17  1:08  Hatchery  
  17  1:11  Drone  
  17  1:25  Extractor  
  17  1:26  Zergling x4  
  17  1:27  Zergling x2  
  17  1:30  Queen  
  21  1:38  Overlord  
  21  1:49  Drone  
  22  2:01  Drone  
  23  2:06  Queen  
  25  2:16  Drone  
  25  2:20  Queen, Drone  
  25  2:22  Drone  
  30  2:31  Metabolic Boost  
  30  2:33  Drone x2  
  32  2:42  Overlord  
  31  2:46  Drone  
  31  2:47  Drone  
  31  2:48  Drone  
  33  2:54  Drone x2  
  34  3:07  Hatchery  
  34  3:09  Drone  
  34  3:11  Drone  
  35  3:14  Drone  
  36  3:23  Overlord  
  36  3:25  Drone x3  
  36  3:26  Drone  
  40  3:32  Drone x3  
  43  3:37  Overlord  
  43  3:42  Zergling x4  
  43  3:48  Queen, Zergling x2  
  46  3:52  Zergling x6  
  51  3:56  Overlord  
  52  4:02  Zergling x2  
  52  4:03  Zergling x2  
  52  4:06  Lair  
  53  4:15  Zergling x8  
  53  4:16  Drone  
  58  4:21  Overlord  
  58  4:22  Drone x3  
  58  4:23  Drone  
  62  4:26  Queen  
  64  4:32  Spore Crawler  
  64  4:34  Drone, Baneling Nest  
  64  4:37  Overlord  
  63  4:38  Drone  
  63  4:39  Drone  
  63  4:41  Drone  
  65  4:46  Drone  
  65  4:51  Drone  
  65  4:52  Drone  
  66  4:55  Drone  
  66  4:56  Drone x3  
  70  5:00  Drone x3  
  70  5:04  Overlord  
  73  5:07  Queen  
  73  5:10  Extractor, Drone x2  
  73  5:11  Extractor  
  75  5:15  Overlord  
  75  5:18  Centrifical Hooks  
  75  5:19  Evolution Chamber  
  75  5:20  Drone, Evolution Chamber  
  74  5:22  Drone  
  74  5:23  Drone  
  74  5:24  Drone  
  77  5:29  Drone  
  77  5:30  Drone x4  
  77  5:33  Drone x2  
  85  5:35  Drone x2  
  85  5:36  Extractor x2  
  85  5:37  Drone  
  85  5:41  Overlord  
  85  5:42  Overseer, Drone  
  86  5:47  Zerg Ground Armor Level 1  
  86  5:53  Hatchery  
  85  5:59  Zerg Melee Weapons Level 1  
  85  6:00  Spore Crawler  
  85  6:02  Zergling x2  
  85  6:03  Zergling x6  
  88  6:06  Drone  
  88  6:08  Hydralisk Den  
  88  6:09  Zergling x2  
  85  6:17  Zergling x10  
  87  6:20  Drone x4  
  87  6:22  Overlord  
  87  6:23  Overlord  
  91  6:26  Overlord  
  91  6:29  Drone x4  
  91  6:30  Zergling x4  
  97  6:35  Zergling x2  
  98  6:42  Overlord  
  98  6:43  Overlord  
  98  6:44  Muscular Augments  
  98  6:45  Baneling  
  98  6:46  Baneling  
  98  6:50  Baneling x6  
  98  7:00  Zergling x16  
  106  7:05  Drone x2  
  106  7:06  Queen  
  106  7:07  Zergling x8  
  114  7:12  Drone  
  114  7:13  Drone x2  
  114  7:23  Drone x4  
  114  7:27  Drone  
  114  7:29  Baneling x4  
  119  7:30  Hatchery, Zergling x10  
  123  7:41  Zergling x10  
  123  7:43  Overlord x4  
  127  7:44  Zerg Ground Armor Level 2  
  127  7:45  Overseer  
  127  7:48  Hatchery  
  127  7:49  Overlord  
  126  7:55  Grooved Spines  
  126  7:57  Overlord  
  126  7:59  Zerg Melee Weapons Level 2  
  126  8:01  Drone x2  
  126  8:02  Extractor, Infestation Pit, Drone x3  
  126  8:03  Hydralisk  
  126  8:04  Hydralisk x3  
  137  8:09  Hydralisk x2  
  140  8:14  Hydralisk  
  140  8:15  Hydralisk  
  140  8:18  Pneumatized Carapace  
  144  8:22  Hydralisk x6  
  144  8:25  Overlord x2  
  156  8:33  Zergling x16  
  164  8:39  Spore Crawler  
  163  8:43  Drone x2  
  163  8:44  Zergling x4  
  163  8:45  Hive  
  166  8:50  Hydralisk x3, Zergling x2  
  166  8:51  Zergling x8  
  177  9:00  Overlord  
  177  9:03  Zergling x8  
  177  9:06  Queen  
  177  9:07  Drone x2  
  177  9:08  Zergling x4  
  187  9:10  Baneling x16  
  187  9:13  Zergling x6  
  190  9:19  Zergling x14  
  196  9:25  Zergling x8  
  196  9:30  Baneling x9  
  182  9:38  Zergling x20  
  182  9:41  Zergling x2  
  185  9:46  Overlord  
  185  9:47  Overlord  
  185  9:49  Extractor  
  184  9:57  Drone  
  184  9:58  Extractor, Drone x3  
  187  10:00  Adrenal Glands  
  187  10:01  Ultralisk Cavern  
  187  10:04  Drone x3, Spore Crawler  
  187  10:05  Spore Crawler x2  
  186  10:07  Spore Crawler  
  186  10:08  Viper  
  186  10:09  Viper  
  186  10:12  Zergling x2  
  186  10:13  Zergling x14  
  199  10:27  Swarm Host  
  198  10:36  Zerg Melee Weapons Level 3  
  198  10:40  Extractor  
  198  10:41  Extractor  
  196  10:44  Zerg Ground Armor Level 3  
  196  10:49  Zergling x16  
  199  10:51  Hatchery  
  199  10:54  Baneling x14  
  198  11:03  Burrow  
  195  11:04  Zergling x8  
  195  11:06  Queen  
  199  11:14  Overlord x3  
  199  11:16  Overseer  
  199  11:17  Overseer x4  
  188  11:19  Zergling x20  
  188  11:20  Zergling x22  
  188  11:23  Baneling x13  
  188  11:24  Baneling  
  198  11:30  Chitinous Plating  
  198  11:34  Drone  
  198  11:39  Overseer  
  199  11:52  Baneling  
  199  11:53  Baneling x20  
  192  11:54  Zergling x18  
  200  12:06  Drone  
  200  12:07  Drone x2  
  198  12:11  Drone x3  
  198  12:13  Drone x2  
  198  12:14  Drone x2  
  199  12:20  Queen, Spire  
  199  12:23  Baneling x4  
  199  12:24  Baneling  
  199  12:26  Overseer x2  
  198  12:30  Zergling x2  
  198  12:31  Baneling x10  
  199  12:43  Baneling  
  199  12:44  Baneling x16  
  192  12:49  Anabolic Synthesis  
  192  12:50  Zergling x32  
  193  13:07  Zergling x28  
  193  13:11  Unknown  
  193  13:12  Unknown  
  185  13:16  Zergling x12  
  175  13:20  Ultralisk  
  175  13:21  Ultralisk  
  179  13:29  Drone x4  
  175  13:35  Ultralisk  
  181  13:43  Zergling x20  
  181  13:44  Baneling x9  
  191  13:49  Zergling x2  
  191  13:51  Zergling x10  
  193  13:59  Baneling  
  193  14:00  Baneling x4  
  193  14:05  Spire, Drone  
  193  14:06  Drone x3  
  196  14:11  Spore Crawler  
  196  14:12  Baneling x7, Spore Crawler  
  196  14:13  Baneling x2  
  196  14:15  Zergling x6  
  196  14:23  Baneling  
  196  14:24  Baneling x13  
  194  14:26  Zergling x8  
  198  14:36  Baneling x12  
Show
View Real Time Build Order
Export as new Build Order

soul Terran 

Build Orders: Command Center First (CC) 

Get SALT Encoding   

  12  0:01  SCV  
  13  0:13  SCV  
  14  0:19  Supply Depot  
  14  0:25  SCV  
  15  0:40  SCV  
  16  0:52  SCV  
  17  1:01  Command Center  
  17  1:05  SCV  
  18  1:16  Barracks  
  18  1:19  SCV  
  19  1:26  Refinery  
  19  1:27  Refinery  
  19  1:32  SCV  
  20  1:44  SCV  
  21  2:03  Reaper, Orbital Command  
  22  2:14  Orbital Command  
  22  2:27  Factory  
  22  2:30  SCV  
  22  2:32  Supply Depot  
  22  2:37  Barracks Reactor  
  22  2:41  SCV  
  22  2:42  SCV  
  23  2:53  SCV  
  23  2:54  SCV  
  23  2:57  Supply Depot  
  26  3:05  SCV  
  26  3:07  SCV  
  26  3:09  Bunker  
  27  3:13  Marine x2  
  27  3:18  Starport  
  29  3:20  SCV x2  
  31  3:32  SCV x2  
  33  3:37  Hellion x2  
  33  3:39  Barracks Tech Lab  
  37  3:44  SCV x2  
  39  3:56  SCV x2  
  39  3:57  Supply Depot  
  39  3:58  Marine  
  39  3:59  Stimpack  
  39  4:02  Command Center  
  42  4:04  Starport Tech Lab  
  42  4:08  SCV  
  42  4:09  SCV  
  44  4:14  Supply Depot  
  44  4:15  Hellion  
  46  4:19  Hellion  
  46  4:20  SCV  
  46  4:21  SCV  
  46  4:23  Banshee  
  53  4:29  Supply Depot  
  53  4:36  SCV  
  54  4:47  Factory Reactor  
  54  4:48  SCV, Barracks x2  
  50  4:52  Barracks x2  
  50  4:54  SCV  
  50  4:57  Marine  
  51  5:00  SCV  
  51  5:06  Engineering Bay  
  51  5:07  Engineering Bay, SCV  
  52  5:11  Refinery  
  52  5:12  Refinery  
  54  5:14  SCV  
  54  5:16  Starport Reactor, Orbital Command  
  54  5:19  SCV  
  54  5:20  Marine  
  56  5:26  SCV  
  57  5:29  Supply Depot  
  57  5:30  Supply Depot  
  57  5:31  SCV  
  57  5:33  Terran Infantry Weapons Level 1, Terran Infantry Armor Level 1  
  58  5:37  Orbital Command  
  58  5:38  Marine, SCV  
  58  5:39  Marine x2  
  62  5:43  SCV  
  62  5:45  Marine x2  
  65  5:50  SCV  
  65  5:55  SCV  
  65  5:56  Marine x2, Medivac x2  
  73  5:59  Combat Shield  
  73  6:02  SCV  
  75  6:04  SCV  
  75  6:07  SCV  
  75  6:08  Marine x3  
  75  6:14  Marine x2, SCV  
  75  6:16  SCV  
  78  6:21  SCV  
  78  6:24  Siege Tank  
  80  6:26  Marine x3, Medivac, Barracks  
  80  6:27  Barracks  
  80  6:28  SCV  
  80  6:32  Marine x2, SCV  
  88  6:33  SCV  
  90  6:40  SCV  
  90  6:44  Marine x3, SCV  
  90  6:45  Supply Depot, SCV  
  90  6:46  Supply Depot  
  96  6:50  Marine x2  
  96  6:52  Armory  
  98  6:54  Factory, Refinery  
  98  6:55  Refinery  
  99  7:01  SCV  
  99  7:02  Marine x2  
  99  7:06  Marine  
  99  7:07  Marine  
  103  7:08  Marine  
  103  7:09  Supply Depot  
  103  7:10  Supply Depot  
  103  7:15  Siege Tank  
  105  7:19  Marine, Barracks Reactor  
  105  7:20  Command Center  
  105  7:21  SCV  
  105  7:22  SCV  
  108  7:25  Barracks Reactor  
  108  7:27  Unknown  
  108  7:30  SCV  
  108  7:32  Supply Depot, Marine  
  108  7:33  Supply Depot  
  110  7:39  Terran Infantry Armor Level 2, Terran Infantry Weapons Level 2  
  110  7:43  Medivac  
  112  7:44  Marine x3  
  112  7:45  Marine  
  112  7:50  Marine  
  117  7:56  Siege Tank  
  117  7:57  Factory Tech Lab  
  120  7:59  Factory Reactor  
  120  8:00  Drilling Claws  
  120  8:01  Marine x4  
  120  8:02  Marine x4  
  120  8:03  SCV  
  120  8:04  SCV  
  130  8:07  Marine  
  130  8:09  Supply Depot  
  130  8:10  Supply Depot  
  131  8:19  Marine x4  
  132  8:20  Marine x3, SCV x2  
  132  8:25  Marine x2  
  142  8:31  Medivac  
  142  8:32  Supply Depot  
  142  8:34  Supply Depot  
  144  8:36  SCV x3  
  144  8:37  Marine x4  
  144  8:38  Marine  
  156  8:41  Widow Mine x2  
  156  8:45  Widow Mine  
  156  8:48  SCV x3  
  161  8:53  Medivac  
  162  8:57  Marine  
  162  8:59  Marine x7  
  162  9:00  SCV x2  
  176  9:02  Widow Mine  
  176  9:03  Widow Mine  
  176  9:06  Widow Mine  
  176  9:07  Sensor Tower  
  176  9:09  Planetary Fortress  
  178  9:11  SCV  
  178  9:16  Medivac  
  181  9:20  Unknown  
  181  9:23  Medivac  
  181  9:24  Widow Mine x2  
  187  9:27  Widow Mine, Marine, Marauder  
  192  9:32  Barracks  
  192  9:33  Barracks  
  192  9:34  Barracks  
  163  9:45  Widow Mine  
  156  9:46  Medivac  
  156  9:51  Widow Mine  
  156  9:52  Command Center  
  160  9:53  Medivac  
  160  9:54  Sensor Tower  
  162  10:02  Widow Mine  
  162  10:05  Terran Infantry Weapons Level 3  
  162  10:07  Widow Mine, Refinery  
  166  10:08  Marine x3  
  166  10:09  Marine x4, Marauder, Refinery  
  175  10:16  Medivac  
  175  10:21  Ghost Academy, Marine  
  178  10:23  Medivac  
  183  10:30  Marauder  
  183  10:32  Widow Mine x2  
  179  10:38  Barracks Tech Lab x2  
  179  10:39  Barracks Tech Lab  
  179  10:40  Widow Mine  
  178  10:43  SCV  
  178  10:44  SCV  
  178  10:46  Medivac  
  180  10:53  Widow Mine x2, Medivac  
  178  10:58  Marine x8, Marauder  
  178  11:01  Widow Mine  
  190  11:05  Marine, Marauder x2  
  190  11:07  Concussive Shells  
  195  11:14  Widow Mine x2  
  195  11:16  Marine, Medivac  
  196  11:20  Marauder  
  196  11:23  Medivac  
  196  11:30  Command Center  
  196  11:32  Widow Mine  
  198  11:35  Ghost Academy, Terran Ship Weapons Level 1  
  198  11:38  Marine x2  
  200  11:45  Unknown  
  200  11:46  Medivac, Unknown x3  
  200  11:48  Unknown  
  200  11:50  Widow Mine, Marine  
  199  11:57  Marine  
  199  12:00  Terran Infantry Armor Level 3  
  193  12:04  Medivac  
  193  12:05  Widow Mine  
  193  12:06  Widow Mine  
  190  12:12  Widow Mine  
  186  12:16  Medivac  
  186  12:25  Ghost x3  
  186  12:26  Ghost  
  194  12:31  Planetary Fortress  
  194  12:35  Marine  
  187  12:50  Planetary Fortress  
  185  12:53  Command Center  
  185  12:54  Ghost x3  
  185  12:55  Marauder  
  185  12:58  Marine  
  192  13:07  Marine x7  
  171  13:15  Ghost  
  171  13:16  Marine  
  136  13:22  Ghost  
  136  13:23  Marine, Marauder  
  136  13:25  Marine  
  136  13:26  Marine x2  
  131  13:28  Marine  
  131  13:29  Widow Mine  
  131  13:37  Unknown x10  
  131  13:38  Unknown x2  
  131  13:48  Orbital Command  
  131  14:02  Supply Depot x3  
  131  14:05  Supply Depot x2  
  131  14:20  Unknown x2  
  131  14:23  Marine x3  
  131  14:24  Widow Mine, Marine x5, SCV x3  
  132  14:26  Marine x2, Medivac x2  
  132  14:27  Widow Mine  
  148  14:39  Marine x2  
  148  14:40  SCV x3  
Tags
 
Add a new tag
Caveats
  • Supply blocks, unpowered buildings, or Contaminate may cause inaccurate times.
  • Supply counts are checked every 10 seconds.